Description

High win rate on Ladder with 12 worker

Build Order

Get SALT Encoding   

  13  0:13  Overlord  
  16  0:42  Spawning Pool  
  18  1:10  Hatchery  
  18  1:12  Extractor  
  18  1:31  Zergling  
  19  1:33  Roach Warren  
  19  1:42  Queen  
  21  1:52  Overlord  
  22  2:18  Roach  
  33  2:47  Overlord  
  40  3:14  Lair  3:00 checkpoint 22 workers 37/37 supply then drone up
  40  3:22  Overlord  
  44  3:47  Overlord  
  45  3:53  Extractor  
  49  4:03  Extractor  
  51  4:17  Overlord  
  51  4:20  Extractor  
  56  4:35  Spire  
  56  4:42  Glial Reconstitution, Overlord  
Spawning Tool Build Advisor. Get it on Overwolf

Analysis

3 min checkpoint 22 workers 37/37 supply 5 min checkpoint 44 workers 60/68 supply 7 min checkpoint 54 workers 99/107 supply

spawning tool doesn't have enough room here is next parts: (4:00-5:00 Make 3 Roaches) 4:43 56 Metabolic boost 4:44 57 Hatchery 5:00 60 Overlord 5:01 60 Spine Crawler x2 5:25 68 Overlord 6:00 79 Evolution Chamber (5:00-6:00 Make 5 Roaches) 6:01 80 Overlord 6:05 80 Evolution Chamber 6:15 84 Ground Carapace +1 6:21 89 Overlord 6:30 89 Missle Attack +1 6:52 97 Overlord (6:00-7:00 Make 6 Roaches)

Go to:

Details

  • Created by: sirphillip0@gmail.com
  • Published on: Oct 23, 2026
  • Modified on: Oct 23, 2026
  • Patch: 5.0.16
  • Difficulty: Easy
Show
View Real Time Build Order
Export as new Build Order

Comments (0)

There are no comments. Be the first!

Create an account to comment!